 Dungeon Crawl Stone Soup version 0.25-a0-479-g8579842fd4 (webtiles) character file.

Game seed: 12966558991130727180, levelgen mode: deterministic

0 Gargoyl the Skirmisher (level 1, -2/19 HPs)
             Began as a Centaur Abyssal Knight on Feb 9, 2020.
             Was a Follower of Lugonu.
             Slain by a large abomination (16 damage)
             ... on level 1 of the Abyss.
             The game lasted 00:00:38 (150 turns).

Gargoyl the Skirmisher (Centaur Abyssal Knight)      Turns: 150, Time: 00:00:39

Health: -2/19      AC:  4    Str: 14    XL:     1   Next: 0%
Magic:  2/2        EV:  9    Int: 11    God:    Lugonu [*.....]
Gold:   12         SH:  0    Dex:  8    Spells: 0/0 levels left

rFire    . . .     SeeInvis .   a - +1 hand axe
rCold    . . .     Gourm    .   (no shield)
rNeg     . . .     Faith    .   b - +0 leather armour
rPois    .         Spirit   .   (no helmet)
rElec    .         Reflect  .   (no cloak)
rCorr    .         Harm     .   (no gloves)
MR       .....                  (no barding)
Stlth    ..........             (no amulet)
HPRegen  0.06/turn              (no ring)
MPRegen  0.08/turn              (no ring)

@: very quick
A: large, hooves 3, deformed body, speed 2, tough skin 3
a: Depart the Abyss, Renounce Religion


You were on level 1 of the Abyss.
You worshipped Lugonu.
Lugonu was aware of your devotion.
You were not hungry.

You visited 0 branches of the dungeon, and saw 0 of its levels.
You visited the Abyss 1 time.

You collected 12 gold pieces.

Inventory:

Hand Weapons
 a - a +1 hand axe (weapon)
Armour
 b - a +0 leather armour (worn)
Comestibles
 c - 2 rations


   Skills:
 + Level 3.0 Fighting
 + Level 1.7 Axes
 + Level 1.3 Armour
 + Level 0.6 Dodging
 + Level 2.0 Invocations


You couldn't memorise any spells.
You didn't know any spells.
Your spell library was empty.

Dungeon Overview and Level Annotations

Branches:
Dungeon (0/15)

Altars:


Innate Abilities, Weirdness & Mutations

You have hooves in place of feet.
Armour fits poorly on your strangely shaped body.
You cover ground very quickly.
You have extremely tough skin. (AC +3)


Message History

The tentacle pulls you backwards!
The large abomination hits you but does no damage.
The starspawn tentacle grabs you. The starspawn tentacle constricts you.
Unknown command.
You escape the starspawn tentacle's grasp.
Unknown command.
Unknown command.
You hit the starspawn tentacle but do no damage.
The starspawn tentacle grabs you. The starspawn tentacle constricts you.
The starspawn tentacle loses its grip on you.
The tentacle pulls you backwards!
Your leather armour prevents you from hitting the tentacled starspawn.
You kick the tentacled starspawn, but do no damage.
You hit the starspawn tentacle but do no damage.
You hit the large abomination but do no damage.
You hit the starspawn tentacle but do no damage.
The starspawn tentacle barely misses you.
The large abomination hits you!
Ouch! That really hurt!
You die...

...
###.$........
.## .....#..#.
#.#.# . . # #.
#...Λ##. #.#
#.# .#. #....
#.... # ...#...
###....
#.###.........#
#...#.#...##
#XwX...... .#
##@w##..#.##
#.###. ..## #
#.###.. .# ###.
####§. ## # ##.


You could see a tentacled starspawn, a large abomination and 2 starspawn
tentacles.

Vanquished Creatures (others)
  3 starspawn tentacles (Abyss:1)
3 creatures vanquished.

Notes
Turn   | Place    | Note
-------+----------+-------------------------------------------
     0 | Abyss:1  | Gargoyl the Centaur Abyssal Knight began the quest for the
                  | Orb.
     0 | Abyss:1  | Reached XP level 1. HP: 19/19 MP: 2/2
    39 | Abyss:1  | Noticed a large abomination
   102 | Abyss:1  | Noticed an iron imp
   104 | Abyss:1  | Noticed a large abomination
   105 | Abyss:1  | Noticed a tentacled starspawn
   150 | Abyss:1  | Slain by a large abomination

Levels and vault maps discovered:
Abyss:1

Action                   || total
-------------------------++-------
Melee: Hand axe          ||     2
       Kick              ||     1
Armor: Leather armour    ||     1
Dodge: Dodged            ||     3

Table legend:
 A = Non-vault XP
 B = Vault XP
 C = Vault XP percentage of total XP
 D = Non-vault monster count
 E = Vault monster count
 F = Vault count percentage of total count
                 A         B        C        D         E       F
            +---------+---------+-------+---------+---------+-------
      Total |       0 |       0 |   N/A |       0 |       0 |  -nan
            +---------+---------+-------+---------+---------+-------
            +---------+---------+-------+---------+---------+-------
